 Dungeon Crawl Stone Soup version 0.29-a0-1019-g84f7d21838 (webtiles) character file.

Game seed: 13122957072023373956

46 siradein the Trooper (level 3, -2/33 HPs)
             Began as a Ghoul Fighter on Aug 10, 2022.
             Killed from afar by Natasha (7 damage)
             ... with a puff of flame
             ... on level 2 of the Dungeon.
             The game lasted 00:04:39 (1140 turns).

siradein the Trooper (Ghoul Fighter)                Turns: 1140, Time: 00:04:39

Health: -2/33      AC: 12    Str: 19    XL:     3   Next: 66%
Magic:  0/2        EV:  5    Int:  3    God:
Gold:   21         SH:  4    Dex: 10    Spells: 2/2 levels left

rFire   . . .      SeeInvis +   a - +0 flail
rCold   + . .      Faith    .   c - +0 buckler
rNeg    + + +      Spirit   +   n - +0 plate armour
rPois   ∞          Reflect  .   (no helmet)
rElec   .          Harm     .   (no cloak)
rCorr   +          Rampage  .   (no gloves)
Will    .....                   k - +0 pair of boots
Stlth   ..........              i - amulet of guardian spirit
HPRegen 0.00/turn               b - ring of see invisible
MPRegen 0.08/turn               l - ring of resist corrosion

@: inhibited regen, slowed, very slow
A: claws 1, cold resistance 1, negative energy resistance 3, inhibited
regeneration, torment resistance 2, devour on kill
a: no special abilities


You were on level 2 of the Dungeon.
You visited 1 branch of the dungeon, and saw 2 of its levels.

You collected 21 gold pieces.

Inventory:

Hand Weapons
 a - a +0 flail (weapon)
Missiles
 h - 18 stones (quivered)
Armour
 c - a +0 buckler (worn)
 k - a +0 pair of boots (worn)
 n - a +0 plate armour (worn)
Jewellery
 b - a ring of see invisible (left claw)
 i - an amulet of guardian spirit (around neck)
 l - a ring of resist corrosion (right claw)
Scrolls
 g - 2 scrolls of noise {unknown}
 j - a scroll of amnesia {unknown}
 m - a scroll of acquirement {unknown}
Potions
 d - 2 potions of might
 e - a potion of cancellation {unknown}
 f - a potion of lignification {unknown}
 o - a potion of degeneration {unknown}
 p - a potion of curing {unknown}


   Skills:
 + Level 4.2 Fighting
 + Level 2.8 Maces & Flails
 - Level 2.6 Armour
 - Level 2.6 Shields


You had 2 spell levels left.
You didn't know any spells.
Your spell library was empty.

Dungeon Overview and Level Annotations

Branches:
Dungeon (2/15)

Altars:

Annotations:
D:2 Natasha


Innate Abilities, Weirdness & Mutations

You are immune to poison.
You have sharp fingernails.
Your flesh is cold resistant. (rC+)
You are immune to negative energy. (rN+++)
You do not regenerate when monsters are visible.
You are immune to unholy pain and torment.
You thrive by killing the living.


Message History

Natasha is severely wounded.
Natasha claws you but does no damage.
You sock Natasha!
You kill Natasha!
You feel better.
Natasha growls in agony!
Your Fighting skill increases to level 4!
You have reached level 3!
Your experience leads to an increase in your attributes!
Increase (S)trength, (I)ntelligence, or (D)exterity?
You feel agile. x2
Magic restored.
Natasha, Servant of Life and Death comes into view.
She is carrying a wand of flame (20).
Natasha is nearby!
Natasha is nearby!
Natasha is nearby!
Natasha hisses angrily.
Natasha zaps a wand.
The puff of flame hits you but does no damage.
Natasha zaps a wand.
The puff of flame hits you!
Natasha stares at you and mumbles some strange words.
You feel yourself slow down.
Natasha stares at you and mumbles some strange words.
The magic dart hits you.
You are too injured to fight recklessly!
You are too injured to fight recklessly!
You are too injured to fight recklessly!
Natasha casts a spell at you. The magic dart hits you!
* * * LOW HITPOINT WARNING * * *
Natasha mumbles some strange words.
Natasha glows brightly for a moment.
Natasha zaps a wand.
The puff of flame hits you but does no damage.
There is a stone staircase leading down here.
Natasha attacks as you move away! Natasha completely misses you.
Natasha zaps a wand.
The puff of flame hits you.
* * * LOW HITPOINT WARNING * * *
Natasha zaps a wand.
The puff of flame hits you!
You die...

#.......#.+
#†##...##.# #.
#...##.#
#.##...##.########
#.#...............
#.#....##.######..
#.#>h....†........
#.#.#####.######..
#@# ###.######.
#.# #..........
#.# #..........
#<###..........
#..............
#.##†..........
#.#............
#.#.##.##......
..#. ...#......


You could see Natasha.

Vanquished Creatures
  Natasha (D:2)
  4 ball pythons
  2 bats (D:1)
  2 endoplasms (D:1)
  A giant cockroach (D:1)
  3 hobgoblins
  A quokka (D:1)
  A frilled lizard (D:2)
  A goblin (D:1)
  3 kobolds (D:1)
19 creatures vanquished.

Notes
Turn   | Place    | Note
-------+----------+-------------------------------------------
     0 | D:1      | siradein the Ghoul Fighter began the quest for the Orb.
     0 | D:1      | Reached XP level 1. HP: 19/19 MP: 0/0
   122 | D:1      | Reached XP level 2. HP: 26/26 MP: 1/1
  1039 | D:2      | Found a faded altar of an unknown god.
  1062 | D:2      | Noticed Natasha
  1070 | D:2      | Killed Natasha
  1071 | D:2      | Reached skill level 4 in Fighting
  1071 | D:2      | Reached XP level 3. HP: 21/33 MP: 0/2
  1131 | D:2      | Noticed Natasha
  1140 | D:2      | Killed from afar by Natasha

Illustrated notes

Levels and vault maps discovered:
D:1:      psy_arrival_radial02, layout_basic
D:2:      layout_basic, ebering_ecumenical_altar_box, kennysheep_cluttered_room,
          uniq_natasha

Skill      XL: |  1  2 |
---------------+-------+-----
Maces & Flails | 2 |  2.8
Fighting       | 4 |  4.2
Armour         | |  2.6
Shields        | |  2.6

Action                   || total
-------------------------++-------
Melee: Flail             ||    69
Armor: Scale mail        ||    18
       Plate armour      ||    23
Dodge: Dodged            ||    28
Block: Buckler           ||     8

Table legend: (Time is in decaauts)
 A = Elapsed time spent in this place.
 B = Non-inter-level travel time spent in this place.
 C = Inter-level travel time spent in this place.
 D = Time resting spent in this place.
 E = Time spent auto-exploring this place.
 F = Levels seen in this place.
 G = Mean time per level.
                   A        B        C        D        E       F      G
               +--------+--------+--------+--------+--------+-----+--------+
         Total |   1165 |   1071 |     94 |      0 |    857 |   2 |  582.5 |
       Dungeon |   1165 |   1071 |     94 |      0 |    857 |   2 |  582.5 |
               +--------+--------+--------+--------+--------+-----+--------+

Top non-repeatable levels by time:
     D:1: 935 daAuts
     D:2: 229 daAuts
